Match 42773960
Unlisted

Match 42773960
End
Pioneer Squad
Construct Infanterie Kompanie
Grenadier Squad
Selects Mechanized Battlegroup
Grenadier Squad
Grenadier Squad
Infanterie Officer Quarters
Grenadier Squad
Construct Luftwaffe Kompanie
Jäger Squad
221 Scout Car
Selects Raid Package
Jäger Squad
Selects StuG Assault Group
StuG Assault Group
Luftwaffe Officer Quarters
StuG Assault Group
Construct Panzer Kompanie
Selects UNKNOWN (2160084)
Selects Mobile Repair Stations
Selects Wespe Self-propelled Artillery
Pioneer Squad
Panzer Officer Quarters
Sturmpanzer IV Brummbär
Sturmpanzer IV Brummbär
Monsieur Nathan
赵天天001
0
0

Comments sign in to comment!

No comments posted yet!